AoeStats
← Jahax

Arena

509681031Analyzed
4v4 RM · 5d ago on Sep 27, 2026· 51m 27s· 8 players
Game mode
Random Map
Map size
Large (8 player)
Population
200
Speed
Normal
Resources
Standard
Victory
Conquest
Starting age
Dark Age
Ending age
Imperial Age
RankedLock teamsTeams togetherTeam positionsShared explorationLock speedFull tech treeHidden civsTurbo modeCheats
Victory
Defeat
🇬🇧 Bulgarians · United Kingdom
1081
+17
🇨🇦 Khmer · Canada
1072
+17
🇬🇧 Burgundians · United Kingdom
1041
+19
🇩🇪 Danes · Germany
1034
+20
🇹🇼 Slavs · Taiwan
1120
-19
🇧🇷 Hindustanis · Brazil
1119
-19
🇹🇼 Persians · Taiwan
1092
-18
🇹🇼 Italians · Taiwan
1084
-17
jasonpanex
7:51 Loom
9:37 Feudal Age
11:12 Double-Bit Axe
12:56 Horse Collar
14:07 Fletching
21:20 Castle Age
19:43 Stone Mining
21:31 Gold Mining
Monkidz
10:59 Feudal Age
15:08 Castle Age
14:02 Double-Bit Axe
13:58 Horse Collar
14:09 Gold Mining
14:58 Man-at-Arms
18:41 Pikeman
26:46 Wheelbarrow
25:57 Loom
36:13 Imperial Age
34:45 Gold Shaft Mining
34:22 Bow Saw
34:27 Long Swordsman
35:08 Scale Mail Armor
35:19 Forging
38:24 Stone Mining
38:51 Chain Mail Armor
39:09 Squires
41:37 Heavy Scorpion
46:31 Chemistry
45:37 Siege Engineers
45:05 Halberdier
49:18 Scale Barding Armor
49:49 Iron Casting
49:36 Conscription
kukucdenss
6:51 Loom
9:52 Feudal Age
16:49 Castle Age
15:46 Double-Bit Axe
15:54 Gold Mining
17:07 Gambesons
17:57 Bloodlines
20:35 Pikeman
24:15 Scale Barding Armor
25:17 Wheelbarrow
27:21 Bow Saw
29:11 Forging
30:18 Fletching
33:28 Imperial Age
31:37 Bodkin Arrow
31:31 Horse Collar
32:56 Scale Mail Armor
33:42 Heavy Plow
39:51 Chain Mail Armor
42:03 Plate Mail Armor
42:15 Gold Shaft Mining
42:20 Squires
41:42 Halberdier
44:08 Iron Casting
43:51 Hand Cart
46:08 Blast Furnace
45:49 Crop Rotation
45:40 Stone Mining
48:40 Conscription
50:30 Ballistics
51:11 Chemistry
Big Albatroz
3:55 Loom
11:04 Feudal Age
15:26 Castle Age
13:57 Double-Bit Axe
20:18 Town Watch
27:43 Imperial Age
28:59 Scale Mail Armor
34:31 Wheelbarrow
38:54 Chain Mail Armor
39:15 Hand Cart
38:50 Heavy Camel Rider
41:54 Forging
41:38 Horse Collar
48:27 Imperial Camel Rider
Jahax
11:58 Feudal Age
14:40 Castle Age
12:27 Double-Bit Axe
13:09 Horse Collar
15:44 Bow Saw
23:59 Heavy Plow
36:00 Gold Mining
37:36 Gold Shaft Mining
36:52 Stone Mining
37:38 Wheelbarrow
38:50 Hand Cart
41:17 Imperial Age
38:27 Pikeman
38:52 Arson
39:30 Scale Mail Armor
39:40 Forging
40:09 Chain Mail Armor
40:57 Iron Casting
41:37 Fortified Wall
41:38 Masonry
42:20 Conscription
42:13 Siege Engineers
42:32 Ballistics
42:08 Murder Holes
43:13 Chemistry
42:05 Halberdier
43:17 Conscription
44:06 Blast Furnace
43:11 Scale Barding Armor
43:31 Heavy Scorpion
44:52 Chain Barding Armor
45:04 Padded Archer Armor
44:55 Fletching
45:45 Architecture
46:39 Husbandry
46:50 Bloodlines
46:00 Light Cavalry
47:18 Plate Barding Armor
46:58 Leather Archer Armor
46:39 Bodkin Arrow
47:30 Double Crossbow
48:50 Bracer
49:04 Capped Ram
52:28 Crop Rotation
52:38 Stone Shaft Mining
[̲̅G̲̅U̲̅Y̲̅]
1:10 Loom
12:45 Feudal Age
14:21 Double-Bit Axe
16:43 Castle Age
15:23 Horse Collar
15:40 Fletching
16:54 Gold Mining
16:56 Stone Mining
18:14 Wheelbarrow
17:43 Bodkin Arrow
22:47 Bow Saw
24:36 Stone Shaft Mining
30:33 Gold Shaft Mining
31:55 Stirrups
32:44 Heavy Plow
36:31 Imperial Age
34:22 Forging
34:12 Scale Mail Armor
34:17 Scale Barding Armor
34:13 Padded Archer Armor
37:23 Chain Barding Armor
37:39 Iron Casting
37:20 Chain Mail Armor
37:20 Leather Archer Armor
36:42 Capped Ram
37:49 Conscription
38:10 Siege Ram
38:38 Heavy Scorpion
39:42 Bagains
41:30 Bracer
42:30 Blast Furnace
42:01 Plate Mail Armor
42:08 Crop Rotation
42:33 Caravan
43:03 Coinage
43:15 Hand Cart
42:45 Town Watch
43:40 Plate Barding Armor
43:48 Ballistics
43:24 Murder Holes
43:39 Masonry
43:38 Siege Engineers
44:34 Chemistry
44:37 Gambesons
44:53 Squires
44:38 Arson
44:14 Pikeman
45:51 Halberdier
47:33 Banking
50:59 Architecture
Mel McAll
10:28 Feudal Age
9:57 Double-Bit Axe
10:00 Horse Collar
12:27 Loom
13:52 Scale Mail Armor
14:37 Fletching
17:33 Forging
24:04 Castle Age
22:30 Gold Mining
24:06 Scale Barding Armor
24:18 Bow Saw
25:25 Heavy Plow
27:16 Wheelbarrow
28:16 Husbandry
27:38 Cavalier
36:02 Stone Mining
37:16 Burgundian Vineyards
38:48 Chain Barding Armor
40:02 Murder Holes
42:34 Iron Casting
43:52 Crop Rotation
44:26 Two-Man Saw
42:52 Light Cavalry
47:12 Imperial Age
45:00 Hand Cart
46:20 Ballistics
47:28 Paladin
49:07 Stone Shaft Mining
49:07 Gold Shaft Mining
48:49 Masonry
50:42 Plate Barding Armor
51:08 Blast Furnace
50:38 Hussar
Ralphiii
11:33 Feudal Age
11:13 Loom
15:25 Castle Age
13:56 Double-Bit Axe
14:09 Horse Collar
16:28 Fletching
21:00 Arson
21:28 Gambesons
23:48 Scale Mail Armor
26:14 Wheelbarrow
25:51 Forging
26:25 Squires
26:57 Town Watch
33:45 Imperial Age
31:45 Bodkin Arrow
32:13 Ballistics
33:42 Hand Cart
34:29 Bow Saw
34:23 Heavy Plow
36:52 Gold Mining
40:52 Chain Mail Armor
41:13 Iron Casting
40:38 Bracer
41:57 Siege Engineers
42:10 Stone Mining
42:55 Gold Shaft Mining
42:06 Northmen's Fury
42:12 Elite Jomsviking
43:56 Conscription
42:58 Hamask
45:02 Plate Mail Armor
45:34 Blast Furnace
44:21 Onager
45:27 Masonry
47:54 Chemistry
46:54 Siege Onager
Connection lost

Rejoining the realm…

Still unreachable

The connection could not be restored.

Session expired

The server has moved on; the page needs a fresh start.